Map: Acolyte LE

Players

deMaar

  • Race: Zerg Zerg
  • League: Gold
  • Spawn Location: 7:00

Jake - Winner!

  • Race: Terran Terran
  • League: Silver
  • Spawn Location: 1:00

VOD

Have the link to the VOD?

Description

Time

  • Played on: Sept. 7, 2017, 7 a.m.
  • Length: 9:17
Show
View Real Time Build Order
Export as new Build Order

deMaar Zerg 

Build Orders: Pool First, Zergling Baneling 

Get SALT Encoding   

  12  0:16  Drone  
  13  0:22  Extractor  
  13  0:27  Spawning Pool  
  11  0:32  Drone  
  12  0:41  Drone  
  13  0:43  Drone  
  14  0:52  Overlord  
  14  1:09  Evolution Chamber  
  13  1:17  Queen  
  15  1:20  Drone  
  15  1:22  Drone  
  17  1:27  Drone  
  18  1:37  Metabolic Boost  
  18  1:51  Drone x2  
  20  2:01  Zerg Melee Weapons Level 1  
  20  2:19  Hatchery  
  19  2:26  Zergling x4  
  21  2:37  Baneling Nest  
  21  2:40  Drone  
  21  2:42  Drone  
  22  2:50  Overlord  
  22  3:00  Overlord  
  22  3:25  Zergling x6  
  22  3:26  Zergling x2  
  26  3:33  Zergling x2  
  26  3:34  Zergling x6  
  29  3:38  Zergling x2  
  31  3:49  Baneling x4  
  31  3:51  Zergling x4  
  33  3:56  Zergling x2  
  33  3:57  Zergling x2  
  35  4:03  Queen  
  37  4:18  Baneling  
  37  4:19  Baneling x3  
  37  4:26  Zergling x2  
  37  4:27  Zergling x6  
  41  4:37  Zerg Ground Armor Level 1  
  30  5:11  Zergling x8  
  30  5:12  Zergling x12  
  36  5:18  Drone  
  37  5:31  Roach Warren  
  36  5:38  Baneling x4  
  36  5:46  Lair  
  36  5:48  Drone  
  37  6:02  Drone  
  37  6:03  Drone  
  39  6:08  Drone x2  
  41  6:12  Drone x2  
  43  6:28  Drone  
  43  6:29  Spore Crawler, Overlord  
  43  6:30  Drone  
  44  6:38  Extractor  
  43  6:48  Roach x3  
  43  6:49  Roach  
  43  6:51  Overlord  
  43  6:52  Zergling x2  
  52  7:16  Centrifical Hooks  
  52  7:21  Roach x2  
  56  7:29  Overseer  
  56  7:32  Drone  
  56  7:33  Drone x3  
  60  7:37  Extractor  
  60  7:40  Extractor, Overseer  
  60  7:41  Overlord x2  
  58  7:55  Drone x4  
  58  7:56  Drone x2  
  51  8:13  Roach  
  51  8:14  Roach x4  
  61  8:31  Roach  
  61  8:32  Roach x4  
  71  8:50  Hatchery  
Show
View Real Time Build Order
Export as new Build Order

Jake Terran - Winner!

Build Orders: MMM Bio 

Get SALT Encoding   

  12  0:02  SCV  
  13  0:14  SCV  
  13  0:18  Supply Depot  
  14  0:31  SCV  
  15  0:41  Barracks  
  15  0:44  SCV  
  15  0:48  Refinery  
  16  0:57  SCV  
  17  1:09  SCV  
  18  1:28  Orbital Command  
  18  1:29  Supply Depot  
  18  1:32  Barracks Reactor  
  18  1:53  Barracks  
  18  1:56  SCV  
  19  2:09  SCV  
  19  2:11  Command Center, Marine  
  19  2:12  Marine  
  22  2:23  SCV  
  23  2:35  Marine  
  23  2:36  Marine  
  25  2:39  SCV  
  25  2:42  Factory  
  26  2:44  Barracks Tech Lab  
  26  2:55  SCV  
  27  3:01  Supply Depot  
  27  3:05  Supply Depot  
  27  3:07  SCV  
  27  3:08  Stimpack  
  27  3:10  Marine x2  
  31  3:23  Marauder  
  31  3:25  Supply Depot  
  33  3:30  Orbital Command  
  33  3:31  SCV  
  33  3:37  Marine  
  34  3:41  Factory Tech Lab  
  34  3:43  SCV  
  34  3:44  Marauder  
  37  3:51  Marine  
  38  3:57  Marine  
  38  3:59  Starport  
  39  4:04  SCV x2  
  41  4:15  Refinery  
  41  4:17  Marine x2  
  41  4:18  SCV x2  
  45  4:34  SCV  
  45  4:35  SCV, Refinery  
  47  4:43  Siege Tank  
  47  4:45  Marine x3  
  52  4:47  SCV  
  54  5:03  Marine x2  
  50  5:22  Marine x3  
  54  5:28  Supply Depot  
  53  5:36  SCV x2  
  53  5:40  Refinery, Marine x3  
  58  5:48  SCV x2  
  60  5:53  Supply Depot  
  60  5:54  Supply Depot  
  60  5:57  Marine  
  60  5:58  Marauder, Marine  
  60  5:59  Starport Reactor  
  60  6:00  SCV x2  
  60  6:02  Siege Tank  
  60  6:03  Starport  
  69  6:12  SCV  
  69  6:14  Supply Depot  
  69  6:15  SCV  
  71  6:19  Supply Depot  
  71  6:22  Marauder, Marine x2  
  71  6:24  SCV  
  76  6:27  SCV  
  76  6:32  Starport  
  77  6:34  Siege Tank  
  77  6:37  SCV, Viking  
  77  6:39  SCV, Viking  
  86  6:40  Marine  
  86  6:42  Starport Tech Lab  
  87  6:55  Marine x2, Engineering Bay  
  87  6:57  Marine  
  87  6:59  Armory  
  90  7:04  Barracks  
  90  7:06  Siege Tank  
  93  7:13  Marine  
  93  7:14  Marauder  
  93  7:15  Marine  
  96  7:20  Starport Reactor  
  96  7:22  Medivac x2  
  99  7:27  SCV  
  102  7:37  Supply Depot  
  102  7:40  Supply Depot  
  102  7:48  Combat Shields  
  102  7:52  Bunker  
  102  7:56  Marine x3  
  102  7:57  SCV x2  
  100  8:04  Marine  
  98  8:08  Banshee  
  101  8:14  Marine x3  
  104  8:22  Marine  
  105  8:31  Marine  
  105  8:32  Marine  
  105  8:33  Marauder  
  109  8:41  Command Center  
  110  8:42  Barracks Reactor  
  109  8:49  Marine  
  109  8:50  Marine  
  109  8:54  Marauder  
Tags
 
Add a new tag
Caveats
  • Supply blocks, unpowered buildings, or Contaminate may cause inaccurate times.
  • Supply counts are checked every 10 seconds.